 Dungeon Crawl Stone Soup version 0.23.0 (webtiles) character file.

Game seed: 51801896408146025

214 Enish the Skirmisher (level 5, 0/72 HPs)
             Began as a Minotaur Berserker on Feb 17, 2019.
             Was a Believer of Trog.
             Slain by an orc priest
             ... wielding a +0 flail
              (9 damage)
             ... on level 3 of the Dungeon.
             The game lasted 00:00:36 (1409 turns).

Enish the Skirmisher (Minotaur Berserker)           Turns: 1409, Time: 00:00:36

Health: 0/72       AC:  2    Str: 27    XL:     5   Next: 60%
Magic:  4/4        EV: 13    Int:  4    God:    Trog [**....]
Gold:   51         SH:  0    Dex: 10    Spells: 4/4 levels left

rFire    . . .     SeeInvis .   a - +0 hand axe
rCold    . . .     Gourm    .   (no shield)
rNeg     . . .     Faith    .   b - +0 animal skin
rPois    .         Spirit   .   (helmet restricted)
rElec    .         Reflect  .   (no cloak)
rCorr    .         Harm     .   (no gloves)
MR       ++...                  (no boots)
Stlth    ..........             (no amulet)
HPRegen  1.22/turn              (no ring)
MPRegen  0.09/turn              (no ring)

@: berserking, regenerating, very quick
A: retaliatory headbutt, horns 2
a: Berserk, Trog's Hand, Renounce Religion


You were on level 3 of the Dungeon.
You worshipped Trog.
Trog was pleased with you.
You were very hungry.

You visited 1 branch of the dungeon, and saw 3 of its levels.

You collected 51 gold pieces.

Inventory:

Hand Weapons
 a - a +0 hand axe (weapon)
Armour
 b - a +0 animal skin (worn)
Scrolls
 c - a scroll of magic mapping {unknown}
 f - 4 scrolls of identify {unknown}
 h - a scroll of enchant armour {unknown}
 i - a scroll of fog {unknown}
 j - a scroll of enchant weapon {unknown}
Potions
 d - a potion of haste {unknown}
Comestibles
 e - 3 rations
 g - 4 chunks of flesh


   Skills:
 + Level 5.0 Fighting
 + Level 4.9 Axes
 + Level 4.1 Armour
 + Level 3.7 Dodging


You had 4 spell levels left.
You didn't know any spells.
Your spell library was empty.

Dungeon Overview and Level Annotations

Branches:
Dungeon (3/15)

Altars:


Innate Abilities, Weirdness & Mutations

You reflexively headbutt those who attack you in melee.
You have a pair of horns on your head.


Message History

The orc is almost dead.
The orc wizard mumbles some strange words.
The orc wizard blinks!
You are too injured to fight recklessly!
You hit the orc.
You kill the orc!
Trog accepts your kill. The bat hits you but does no damage.
The bat barely misses you.
You are too injured to fight recklessly!
Your skin crawls.
You feel resistant to hostile enchantments.
You feel somewhat more hungry. The bat completely misses you.
A red film seems to cover your vision as you go berserk!
You feel yourself moving faster!
You feel mighty!
You are feeling very hungry.
The bat hits you.
* * * LOW HITPOINT WARNING * * *
You closely miss the orc priest.
The orc priest hits you with a +0 flail!
You die...

###.....### #.....#
#.....# ######
#....[# #....#
#.....#
#....######.....##
#..................
#....##############
###@## #o#


boo ..... ....... #.......# #.......# #.......# You could see an orc priest, an
orc wizard, an orc and a bat.

Vanquished Creatures
  Sigmund (D:3)
  An adder (D:2)
  A dart slug (D:2)
  3 orcs (D:3)
  A ball python (D:1)
  3 giant cockroaches
  6 goblins
  5 hobgoblins
  4 jackals (D:2)
  2 frilled lizards
  2 kobolds (D:1)
29 creatures vanquished.

Notes
Turn   | Place    | Note
-------+----------+-------------------------------------------
     0 | D:1      | Enish the Minotaur Berserker began the quest for the Orb.
     0 | D:1      | Reached XP level 1. HP: 19/19 MP: 0/0
   322 | D:1      | Reached XP level 2. HP: 19/27 MP: 1/1
   835 | D:2      | Reached skill level 4 in Fighting
   983 | D:2      | Reached XP level 3. HP: 33/33 MP: 2/2
  1240 | D:3      | Noticed Sigmund
  1249 | D:3      | Killed Sigmund
  1249 | D:3      | Reached ** piety under Trog
  1249 | D:3      | Reached XP level 4. HP: 37/41 MP: 3/3
  1249 | D:3      | Reached XP level 5. HP: 43/47 MP: 4/4
  1404 | D:3      | Reached skill level 5 in Fighting
  1409 | D:3      | Slain by an orc priest

Skill      XL: |  1  2  3  4  5 |
---------------+----------------+-----
Fighting       | 4 5 |  5.0
Axes           | 4 |  4.9
Armour         | 3 4 |  4.1
Dodging        | 3 |  3.7

Action                   |  1- 3 |  4- 6 || total
-------------------------+-------+-------++-------
Melee: Hand axe          |    49 |    19 ||    68
       Headbutt          |     8 |     2 ||    10
Invok: Berserk           |     2 |     1 ||     3
       Trog's Hand       |       |     1 ||     1
  Eat: Chunk             |     2 |     2 ||     4
Armor: Animal skin       |     8 |     2 ||    10
Dodge: Dodged            |    19 |     9 ||    28
